Map: [ESL] Tropical Sacrifice

Players

Harstem - Winner!

  • Race: Protoss Protoss
  • Spawn Location: 1:00

DnS

  • Race: Protoss Protoss
  • Spawn Location: 7:00

Event: DreamHack SC2 Masters 2022 Valencia

VOD

Have the link to the VOD?

Description

Time

  • Played on: July 1, 2022, 10:49 a.m.
  • Length: 19:24

All games in this series

Show
View Real Time Build Order
Export as new Build Order

Harstem Protoss - Winner!

Build Orders: 1 Gate Expand 

Get SALT Encoding   

  12  0:00  Probe  
  13  0:12  Probe  
  14  0:19  Pylon  
  14  0:24  Probe  
  15  0:37  Probe (Chrono Boost)  
  15  0:42  Gateway  
  16  0:46  Probe (Chrono Boost)  
  18  1:10  Nexus  
  17  1:15  Assimilator  
  17  1:18  Probe  
  18  1:29  Cybernetics Core  
  18  1:32  Probe  
  18  1:38  Zealot  
  21  1:45  Probe  
  22  1:50  Pylon  
  23  2:03  Pylon  
  22  2:08  Stalker  
  22  2:10  Probe  
  22  2:13  Warp Gate (Chrono Boost)  
  25  2:22  Pylon, Probe  
  26  2:25  Probe  
  27  2:34  Probe  
  27  2:35  Pylon  
  28  2:38  Stalker (Chrono Boost)  
  28  2:39  Probe  
  31  2:52  Probe  
  31  2:54  Probe  
  31  2:56  Gateway  
  32  3:02  Shield Battery  
  32  3:06  Stalker (Chrono Boost)  
  32  3:12  Probe  
  35  3:13  Probe  
  36  3:22  Shield Battery  
  36  3:24  Probe  
  36  3:25  Probe  
  38  3:35  Twilight Council  
  38  3:36  Probe  
  38  3:37  Probe  
  40  3:45  Pylon  
  40  3:48  Probe  
  40  3:49  Probe, Assimilator  
  40  3:55  Stalker  
  44  4:00  Probe  
  44  4:01  Probe  
  46  4:03  Assimilator  
  46  4:08  Stalker  
  48  4:12  Probe  
  48  4:13  Probe  
  50  4:23  Stalker  
  50  4:26  Pylon  
  51  4:33  Nexus  
  51  4:34  Probe, Blink (Chrono Boost)  
  52  4:39  Pylon  
  52  4:44  Probe  
  52  4:47  Probe  
  52  4:56  Probe  
  52  4:58  Stalker  
  52  4:59  Probe  
  56  5:01  Pylon  
  56  5:05  Stalker  
  58  5:08  Probe  
  58  5:12  Probe  
  60  5:18  Pylon  
  60  5:20  Probe  
  61  5:21  Stalker  
  61  5:22  Robotics Facility  
  61  5:25  Probe  
  64  5:28  Stalker  
  64  5:35  Probe, Gateway  
  67  5:39  Gateway  
  67  5:45  Sentry, Shield Battery  
  67  5:46  Probe (Chrono Boost)  
  67  5:47  Probe (Chrono Boost)  
  72  5:50  Probe (Chrono Boost)  
  72  5:53  Stalker  
  74  5:58  Probe (Chrono Boost)  
  74  5:59  Probe (Chrono Boost)  
  74  6:02  Probe (Chrono Boost)  
  77  6:04  Phoenix  
  77  6:05  Probe (Chrono Boost)  
  77  6:06  Probe (Chrono Boost)  
  77  6:07  Probe (Chrono Boost)  
  77  6:12  Probe (Chrono Boost)  
  77  6:14  Observer  
  77  6:16  Stalker x2  
  77  6:17  Probe (Chrono Boost)  
  85  6:22  Probe (Chrono Boost)  
  85  6:24  Probe (Chrono Boost)  
  85  6:31  Stalker, Probe (Chrono Boost)  
  88  6:33  Probe (Chrono Boost)  
  88  6:34  Charge (Chrono Boost), Pylon  
  88  6:38  Forge  
  90  6:41  Stalker  
  90  6:42  Pylon, Zealot  
  90  6:45  Assimilator  
  93  6:52  Probe  
  95  6:56  Nexus, Pylon  
  94  7:01  Stalker  
  94  7:04  Protoss Ground Weapons Level 1 (Chrono Boost)  
  94  7:05  Probe  
  94  7:06  Probe  
  98  7:11  Stalker x2  
  102  7:16  Shield Battery  
  102  7:18  Observer  
  102  7:22  Pylon  
  105  7:25  Gateway  
  105  7:27  Gateway  
  103  7:32  Gateway  
  103  7:35  Probe x2, Gateway  
  105  7:37  Photon Cannon  
  105  7:44  Stalker x2  
  105  7:46  Probe  
  110  7:53  Zealot  
  110  7:56  Probe  
  113  7:59  Stalker  
  113  8:01  Photon Cannon  
  113  8:02  Probe  
  113  8:04  Probe  
  117  8:06  Pylon, Robotics Bay  
  117  8:08  Probe  
  117  8:10  Pylon  
  117  8:12  Stalker x2  
  122  8:16  Observer  
  122  8:17  Probe  
  122  8:18  Stalker  
  125  8:22  Robotics Facility  
  126  8:28  Stalker  
  126  8:29  Probe  
  126  8:33  Zealot x4  
  137  8:37  Photon Cannon  
  137  8:39  Observer  
  137  8:41  Pylon  
  137  8:42  Zealot x3  
  137  8:45  Shield Battery  
  137  8:46  Pylon  
  142  8:55  Zealot x5  
  152  9:00  Probe  
  152  9:01  Probe  
  154  9:09  Disruptor (Chrono Boost)  
  157  9:14  Disruptor (Chrono Boost)  
  157  9:20  Probe  
  157  9:23  Protoss Ground Weapons Level 2 (Chrono Boost)  
  158  9:24  Assimilator  
  158  9:25  Zealot x8  
  158  9:30  Assimilator  
  168  9:41  Photon Cannon  
  169  9:49  Disruptor (Chrono Boost)  
  169  9:50  Probe  
  168  9:56  Probe  
  168  9:57  Dark Shrine  
  168  9:59  Disruptor (Chrono Boost)  
  169  10:00  Gateway  
  169  10:04  Gravitic Boosters  
  172  10:10  Photon Cannon, Zealot x4  
  180  10:16  Nexus  
  180  10:19  Pylon  
  178  10:24  Photon Cannon  
  178  10:27  Shield Battery  
  178  10:32  Disruptor (Chrono Boost)  
  178  10:34  Disruptor (Chrono Boost)  
  160  10:43  Probe  
  160  10:45  Probe  
  160  10:47  Probe  
  160  10:49  Assimilator  
  163  10:52  Assimilator  
  163  10:54  Photon Cannon  
  163  10:57  Gateway  
  163  10:58  Gateway, Zealot x5  
  163  10:59  Photon Cannon  
  163  11:00  Pylon  
  173  11:05  Disruptor (Chrono Boost)  
  177  11:12  Disruptor (Chrono Boost)  
  177  11:14  Shadow Stride  
  177  11:15  Probe  
  177  11:16  Probe  
  179  11:19  Photon Cannon  
  179  11:22  Stalker x7  
  191  11:28  Forge  
  191  11:30  Pylon  
  191  11:33  Disruptor  
  191  11:37  Dark Templar x2  
  196  11:43  Disruptor  
  187  11:56  Probe  
  187  12:00  Zealot x3  
  162  12:16  Stalker x5  
  162  12:17  Stalker x3  
  176  12:25  Stalker x3, Protoss Shields Level 1 (Chrono Boost)  
  176  12:27  Probe x2  
  182  12:34  Protoss Ground Weapons Level 3 (Chrono Boost)  
  168  12:48  Stalker x8  
  179  12:56  Nexus  
  179  12:59  Pylon  
  144  13:15  Stalker x10  
  150  13:25  Dark Templar  
  150  13:27  Photon Cannon, Probe (Chrono Boost)  
  152  13:28  Photon Cannon  
  152  13:29  Probe (Chrono Boost)  
  152  13:30  Shield Battery  
  152  13:33  Probe (Chrono Boost)  
  157  13:34  Probe (Chrono Boost)  
  157  13:38  Stalker x3  
  157  13:39  Probe (Chrono Boost)  
  143  13:41  Stalker  
  143  13:43  Observer  
  146  13:48  Stalker x2  
  146  13:55  Dark Templar, Zealot  
  150  13:56  Zealot  
  150  14:01  Stalker x2  
  159  14:03  Observer  
  159  14:05  Stalker  
  159  14:06  Probe  
  159  14:09  Photon Cannon  
  158  14:12  Dark Templar x2  
  158  14:15  Probe  
  163  14:17  Dark Templar x2  
  167  14:29  Dark Templar, Zealot x5  
  167  14:30  Zealot  
  180  14:33  Protoss Shields Level 2 (Chrono Boost)  
  180  14:38  Probe x3  
  173  14:39  Assimilator  
  148  15:02  Stalker x9  
  148  15:03  Zealot  
  166  15:09  Dark Templar  
  166  15:13  Disruptor  
  168  15:16  Probe x3  
  168  15:18  Probe  
  175  15:28  Dark Templar, Zealot x6  
  179  15:30  Disruptor  
  167  16:02  Stalker x11  
  169  16:07  Immortal (Chrono Boost)  
  169  16:08  Disruptor (Chrono Boost)  
  164  16:24  Probe x2  
  166  16:30  Dark Templar x3, Zealot  
  166  16:31  Zealot x7  
  179  16:41  Disruptor (Chrono Boost)  
  182  16:52  Dark Templar, Zealot x5  
  182  16:53  Dark Templar  
  176  17:03  Dark Templar  
  176  17:06  Disruptor (Chrono Boost)  
  171  17:13  Zealot x6  
  158  17:24  Probe  
  153  17:34  Disruptor (Chrono Boost)  
  156  17:38  Probe  
  151  17:47  Probe  
  151  17:51  Zealot x9  
  148  17:52  Cybernetics Core  
  158  18:03  Disruptor (Chrono Boost)  
  158  18:04  Probe  
  142  18:17  Probe  
  135  18:20  Probe  
  134  18:31  Stalker x5  
  134  18:32  Stalker x4, Nexus, Disruptor (Chrono Boost)  
  146  18:36  Probe  
  141  19:01  Observer  
  132  19:04  Stalker x9  
Show
View Real Time Build Order
Export as new Build Order

DnS Protoss 

Build Orders: Oracle Opening 

Get SALT Encoding   

  12  0:00  Probe  
  13  0:12  Probe  
  14  0:19  Pylon  
  14  0:24  Probe (Chrono Boost)  
  15  0:37  Probe (Chrono Boost)  
  15  0:39  Gateway  
  16  0:45  Probe (Chrono Boost)  
  16  0:48  Assimilator  
  17  0:52  Probe  
  18  0:57  Assimilator  
  18  1:04  Probe (Chrono Boost)  
  19  1:07  Pylon  
  19  1:13  Probe (Chrono Boost)  
  19  1:18  Probe (Chrono Boost)  
  21  1:27  Cybernetics Core  
  21  1:30  Probe  
  22  1:39  Zealot  
  24  1:42  Probe  
  25  1:54  Probe  
  28  2:10  Adept  
  28  2:12  Probe  
  28  2:15  Stargate  
  29  2:24  Probe  
  30  2:38  Probe  
  30  2:41  Pylon  
  30  2:53  Probe  
  30  2:54  Warp Gate  
  30  2:57  Nexus  
  31  2:59  Stalker  
  31  3:02  Oracle (Chrono Boost)  
  36  3:09  Probe  
  37  3:15  Pylon  
  35  3:22  Probe  
  35  3:25  Shield Battery  
  36  3:34  Oracle (Chrono Boost), Probe  
  40  3:46  Probe  
  41  3:50  Twilight Council  
  41  3:59  Probe (Chrono Boost)  
  42  4:09  Probe (Chrono Boost)  
  43  4:16  Probe (Chrono Boost)  
  44  4:18  Blink (Chrono Boost)  
  44  4:19  Probe (Chrono Boost)  
  44  4:23  Probe (Chrono Boost), Gateway  
  46  4:25  Probe  
  47  4:34  Probe  
  47  4:37  Probe  
  49  4:38  Gateway  
  49  4:42  Forge  
  49  4:46  Stalker  
  49  4:47  Probe  
  49  4:49  Probe  
  53  4:59  Probe  
  54  5:01  Probe  
  54  5:06  Nexus  
  55  5:09  Pylon  
  55  5:14  Stalker, Probe  
  57  5:15  Probe  
  59  5:21  Protoss Ground Weapons Level 1 (Chrono Boost)  
  59  5:22  Assimilator  
  59  5:26  Stalker  
  59  5:28  Probe x2  
  63  5:36  Stalker  
  63  5:38  Stalker  
  63  5:40  Probe x2  
  69  5:44  Shield Battery  
  69  5:50  Robotics Facility  
  69  5:52  Probe  
  70  5:59  Pylon  
  70  6:14  Pylon  
  70  6:18  Stalker x3, Probe x2 (Chrono Boost)  
  76  6:19  Probe (Chrono Boost)  
  76  6:24  Charge, Pylon  
  79  6:28  Probe x2 (Chrono Boost)  
  79  6:30  Probe (Chrono Boost)  
  82  6:33  Probe x2 (Chrono Boost)  
  82  6:38  Gateway x2  
  82  6:39  Gateway  
  84  6:41  Observer  
  84  6:43  Probe x2  
  84  6:44  Sentry  
  89  6:47  Probe  
  89  6:49  Stalker, Assimilator  
  89  6:53  Stalker  
  94  6:57  Probe x2  
  94  6:59  Probe  
  97  7:03  Assimilator  
  97  7:09  Probe x2  
  97  7:12  Templar Archives  
  97  7:13  Gateway  
  99  7:17  Pylon, Gateway  
  99  7:22  Stalker x2  
  101  7:25  Pylon  
  104  7:30  Protoss Ground Weapons Level 2 (Chrono Boost)  
  103  7:38  Nexus  
  103  7:40  Pylon  
  103  7:48  Zealot x2  
  103  7:49  Gateway, Zealot  
  103  7:50  Gateway  
  109  7:56  High Templar x2  
  113  8:02  Shield Battery  
  113  8:04  Warp Prism  
  115  8:07  Zealot x2  
  119  8:13  Probe x3  
  119  8:19  Archon, Zealot x4  
  130  8:21  Phoenix  
  130  8:25  Assimilator  
  132  8:36  Pylon x2  
  132  8:37  Pylon, Stargate  
  132  8:45  Probe  
  133  8:49  Phoenix  
  133  8:50  Photon Cannon, Probe x2  
  133  8:51  High Templar x2  
  133  8:52  Zealot x2  
  145  8:55  Archon  
  145  8:56  Protoss Air Weapons Level 1  
  145  9:01  Zealot x4  
  153  9:07  Probe  
  153  9:08  Probe x2  
  154  9:13  Phoenix (Chrono Boost)  
  153  9:19  Immortal (Chrono Boost)  
  153  9:22  Phoenix (Chrono Boost)  
  157  9:28  Stalker x3, Probe x3  
  164  9:34  Phoenix (Chrono Boost)  
  162  9:39  Probe  
  162  9:40  Probe  
  162  9:44  Photon Cannon  
  162  9:46  Pylon  
  162  9:49  Phoenix, Zealot  
  162  9:50  Zealot x4  
  170  9:55  High Templar  
  170  9:56  Pylon  
  170  9:57  Pylon  
  172  10:00  Protoss Ground Weapons Level 3 (Chrono Boost)  
  172  10:06  Probe x3  
  175  10:07  Assimilator x2  
  175  10:09  High Templar  
  175  10:13  Immortal (Chrono Boost)  
  175  10:14  Archon  
  177  10:16  Phoenix  
  183  10:27  Zealot  
  183  10:28  Zealot x3  
  175  10:37  Phoenix (Chrono Boost)  
  175  10:42  Zealot x4  
  173  10:45  Phoenix (Chrono Boost)  
  173  10:46  Immortal  
  185  11:01  Phoenix (Chrono Boost)  
  187  11:08  Nexus, Fleet Beacon  
  183  11:14  Robotics Facility  
  183  11:15  Robotics Bay  
  183  11:17  Pylon, Phoenix  
  183  11:18  Phoenix  
  183  11:21  Pylon  
  187  11:26  Immortal  
  189  11:33  Zealot x2  
  189  11:34  Zealot  
  189  11:36  Photon Cannon  
  189  11:37  Zealot x2  
  194  11:56  Observer, Mothership (Chrono Boost)  
  185  12:09  Zealot x8  
  191  12:18  Observer  
  191  12:21  Observer  
  191  12:22  Probe  
  192  12:25  Probe x2  
  192  12:26  Probe  
  192  12:28  Carrier x2 (Chrono Boost)  
  192  12:29  Shield Battery  
  190  12:32  Photon Cannon  
  190  12:34  Photon Cannon, Probe  
  199  12:37  Probe  
  199  12:41  Protoss Air Weapons Level 2  
  199  12:42  Zealot x3  
  199  12:43  Zealot x7  
  196  12:46  Disruptor (Chrono Boost)  
  196  12:47  Disruptor (Chrono Boost)  
  174  13:08  Stalker x7  
  174  13:10  Pylon  
  146  13:24  Disruptor (Chrono Boost)  
  146  13:25  Disruptor (Chrono Boost)  
  148  13:29  Carrier  
  154  13:39  Zealot x7  
  168  13:55  Carrier  
  170  14:04  Photon Cannon  
  170  14:05  Zealot x6  
  170  14:06  Disruptor (Chrono Boost)  
  179  14:12  Disruptor (Chrono Boost)  
  179  14:15  Probe x4  
  179  14:16  Probe  
  181  14:20  Photon Cannon  
  181  14:22  Photon Cannon  
  179  14:35  Disruptor, Stargate  
  173  14:47  Stalker x5  
  173  15:01  Protoss Shields Level 1 (Chrono Boost)  
  173  15:06  Zealot  
  174  15:10  Gravitic Boosters  
  174  15:18  Stalker x4  
  174  15:21  Probe x2  
  184  15:36  Photon Cannon  
  184  15:39  Photon Cannon  
  177  15:44  Stalker x3  
  166  16:00  Zealot x5  
  157  16:08  Disruptor x2  
  157  16:20  Zealot x10  
  177  16:25  Photon Cannon  
  153  16:50  High Templar x5  
  153  16:51  High Templar, Zealot x4  
  157  16:55  Archon  
  157  16:56  Archon x2  
  73  18:25  High Templar  
  73  18:26  High Templar, Zealot  
  79  18:27  Zealot  
  79  18:30  Archon  

Tags
 
Add a new tag
Caveats
  • Supply blocks, unpowered buildings, or Contaminate may cause inaccurate times.
  • Supply counts are checked every 10 seconds.